 Dungeon Crawl Stone Soup version 0.30-a0-702-gdf48620a09 (webtiles) character file.

Game seed: 13374312049777446087

162 gelatine the Firebug (level 5, -2/36 HPs)
             Began as a Demonspawn Fire Elementalist on Jan 22, 2023.
             Slain by Sigmund
             ... wielding a +0 scythe
              (3 damage)
             ... on level 3 of the Dungeon.
             The game lasted 00:06:55 (3108 turns).

gelatine the Firebug (Demonspawn Fire Elementalist) Turns: 3108, Time: 00:06:56

Health: -2/36      AC:  3    Str:  9    XL:     5   Next: 19%
Magic:  0/9        EV: 12    Int: 18    God:
Gold:   80         SH:  0    Dex: 13    Spells: 6/9 levels left

rFire   . . .      SeeInvis .    e - +2 short sword (freeze)
rCold   . . .      Faith    .    (no shield)
rNeg    . . .      Spirit   +    a - +1 robe
rPois   .          Reflect  .    (no helmet)
rElec   .          Harm     .    (no cloak)
rCorr   .          Rampage  .    (no gloves)
Will    .....                    (no boots)
Stlth   +                        d - amulet of guardian spirit
HPRegen 0.26/turn                (no ring)
MPRegen 0.11/turn                (no ring)

@: confused, invisible
A: powered by pain 1, sturdy frame 2, condensation shield
a: no special abilities


You were on level 3 of the Dungeon.
You visited 1 branch of the dungeon, and saw 3 of its levels.

You collected 80 gold pieces.

Inventory:

Hand Weapons
 e - a +2 short sword of freezing (weapon)
 g - a +0 rapier
Armour
 a - a +1 robe (worn)
Magical Staves
 f - a staff of poison
Jewellery
 d - an amulet of guardian spirit (around neck)
Scrolls
 h - a scroll of blinking {unknown}
 n - a scroll of enchant armour
 o - a scroll of noise {unknown}
 p - a scroll of identify
 q - a scroll of immolation {unknown}
Potions
 b - a potion of magic
 c - a potion of ambrosia
 j - a potion of flight {unknown}
 k - 2 potions of curing {unknown}
 l - a potion of mutation {unknown}
 m - a potion of haste {unknown}


   Skills:
 + Level 0.8 Fighting
 + Level 1.2 Short Blades
 + Level 2.1 Dodging
 + Level 2.2 Stealth
 + Level 2.9 Spellcasting
 + Level 2.1 Conjurations
 + Level 3.6 Fire Magic


You had 6 spell levels left.
You knew the following spells:

 Your Spells              Type           Power      Damage    Failure   Level
a - Foxfire               Conj/Fire      52%        2x1d6     4%          1
b - Scorch                Fire           30%        2d6       5%          2

Your spell library contained the following spells:

 Spells                   Type           Power      Damage    Failure   Level
 Inner Flame              Hex/Fire       9%         N/A       24%         3
 Sublimation of Blood     Necr           2%         N/A       26%         2
 Kindle Blastsparks       Fire/Tloc/Air  14%        2d11      30%         3
 Gell's Gravitas          Tloc           2%         N/A       45%         3
 Teleport Other           Tloc           2%         N/A       45%         3
 Flame Wave               Conj/Fire      13%        2d6       45%         4
 Petrify                  Tmut/Erth      2%         N/A       86%         4
 Irradiate                Conj/Tmut      3%         3d12      96%         5
 Dispersal                Tloc           1%         N/A       100%        6


Dungeon Overview and Level Annotations

Branches:
Dungeon (3/15)

Altars:

Shops:
D:2 =

Annotations:
D:3 Sigmund


Innate Abilities, Weirdness & Mutations

You sometimes gain a little power by taking damage.
Your movements are less encumbered by armour. (ER -4)
A meltable shield of frost defends you. (SH +0)


Message History

Sigmund is nearby!
You conjure some foxfire!
Sigmund gestures wildly while chanting.
Sigmund flickers and vanishes!
Deactivating autopickup; reactivate with Ctrl-A.
Your foxfire dissipates!
Your magical contamination has completely faded away.
You conjure some foxfire!
The foxfire hits something.
The foxfire hits something but does no damage.
You conjure some foxfire!
The foxfire hits something. x2
The foxfire hits something. x2
You hear some strange, mumbled words.
Something tries to affect you, but you resist.
Something hits you!
You see here a scroll labelled QOG CEOTOTTOGO.
q - a scroll labelled QOG CEOTOTTOGO
Casting: Foxfire (safe; 4% risk of failure)
Confirm with . or Enter, or press ? or * to list all spells.
You don't have enough magic to cast this spell.
Something hits you. Something hits you!
You closely miss something. You completely miss something. Something hits you.
* * * LOW HITPOINT WARNING * * *
You hit something but do no damage. You closely miss something.
You hear some strange, mumbled words.
Something tries to affect you, but you resist.
You completely miss something.
You hear some strange, mumbled words.
A puff of flame appears from out of thin air!
The puff of flame hits you!
* * * LOW HITPOINT WARNING * * *
You hit something. You freeze something.
You hear some strange, mumbled words.
You are confused.
It was a potion of invisibility.
You fade into invisibility!
Something hits you.
You die...

.......................##
.........................
....######...#..#...#....
..>.# #.....##........
..[.# ##...........#..
....########.............
.........................
......######..#.....#.#..
....<.# ....ยง#{@.......#
.................#####...
.................. ..
.......[........... .
.)......###......#.#
........# #......#.#
........# #........#
........# #......# #


There were no monsters in sight!

Vanquished Creatures
  9 gnolls (D:2)
  An adder (D:2)
  3 worms
  5 dart slugs
  3 ball pythons (D:1)
  4 endoplasms
  A giant cockroach (D:1)
  5 hobgoblins
  2 jackals (D:1)
  2 quokkas (D:2)
  2 bats
  4 frilled lizards
  3 goblins
  7 kobolds
  3 rats
54 creatures vanquished.

Vanquished Creatures (collateral kills)
  4 foxfires (D:2)
4 creatures vanquished.

Vanquished Creatures (others)
  219 foxfires
219 creatures vanquished.

Grand Total: 277 creatures vanquished

Notes
Turn   | Place    | Note
-------+----------+-------------------------------------------
     0 | D:1      | gelatine the Demonspawn Fire Elementalist began the quest
                  | for the Orb.
     0 | D:1      | Reached XP level 1. HP: 13/13 MP: 3/3
   247 | D:1      | Gained mutation: Your movements are slightly less
                  | encumbered by armour. (ER -2) [demonic ancestry]
   247 | D:1      | Reached XP level 2. HP: 19/19 MP: 0/5
   315 | D:1      | Reached skill level 3 in Fire Magic
   919 | D:1      | Gained mutation: A meltable shield of frost defends you.
                  | (SH +0) [demonic ancestry]
   919 | D:1      | Reached XP level 3. HP: 24/24 MP: 4/6
  1689 | D:2      | Gained mutation: Your movements are less encumbered by
                  | armour. (ER -4) [demonic ancestry]
  1689 | D:2      | Reached XP level 4. HP: 18/30 MP: 0/7
  1950 | D:2      | Reached skill level 1 in Short Blades
  2066 | D:2      | Found a faded altar of an unknown god.
  2341 | D:2      | Gained mutation: You sometimes gain a little power by
                  | taking damage. [demonic ancestry]
  2341 | D:2      | Reached XP level 5. HP: 36/36 MP: 5/9
  2836 | D:2      | Found Ehumah's One-of-a-Kind Rings.
  2939 | D:3      | Learned a level 2 spell: Scorch
  3088 | D:3      | Noticed Sigmund
  3106 | D:3      | HP: 1/36 [something/puff of flame (7)]
  3108 | D:3      | Slain by Sigmund

Illustrated notes

Levels and vault maps discovered:
D:1:      heliophobic_arrival_glass_houses, layout_basic
D:2:      layout_basic, chequers_ecumenical_altar_lobes,
          nicolae_shop_unique_rings, small_statue_intersection,
          minmay_quadrilaterals
D:3:      layout_rooms, general_overflow_altar, uniq_sigmund

Skill      XL: |  1  2  3  4 |
---------------+-------------+-----
Dodging        | 2 |  2.1
Fire Magic     | 3 |  3.6
Stealth        | 2 |  2.2
Conjurations   | 2 |  2.1
Short Blades   | 1 |  1.2
Fighting       | |  0.8
Spellcasting   | |  2.9

Action                   |  1- 3 |  4- 6 || total
-------------------------+-------+-------++-------
Melee: Short sword       |    40 |    41 ||    81
       Unarmed           |     2 |       ||     2
       Punch             |     1 |       ||     1
 Cast: Foxfire           |    60 |    80 ||   140
  Use: Scroll            |       |     4 ||     4
       Potion            |       |     1 ||     1
Armor: Robe              |     5 |     4 ||     9
Dodge: Dodged            |    23 |    19 ||    42
Block: Other             |     1 |     3 ||     4

Table legend: (Time is in decaauts)
 A = Elapsed time spent in this place.
 B = Non-inter-level travel time spent in this place.
 C = Inter-level travel time spent in this place.
 D = Time resting spent in this place.
 E = Time spent auto-exploring this place.
 F = Levels seen in this place.
 G = Mean time per level.
                   A        B        C        D        E       F      G
               +--------+--------+--------+--------+--------+-----+--------+
         Total |   3104 |   3086 |     18 |      0 |   2645 |   3 | 1034.7 |
       Dungeon |   3104 |   3086 |     18 |      0 |   2645 |   3 | 1034.7 |
               +--------+--------+--------+--------+--------+-----+--------+

Top non-repeatable levels by time:
     D:2: 1500 daAuts
     D:1: 1355 daAuts
     D:3: 249 daAuts
